[ AOE2 MATCH · #471954993 ]
UnrankedDravidians vs Portuguese
[ REPLAY ANALYSIS · EXTRACTED FROM THE RECORDED GAME ]
Feudal
16:01
Castle
20:46
Imperial
36:42
| APM avg | 29.6 |
| APM peak | 72 |
| eAPM avg | 15.3 |
| Villagers / military | 146 / 94 |
Focus
⚔️ 22.0% · 🌾 78.0%
Elephant Archer ×82 · Trebuchet (Packed) ×8 · Monk ×3 · Militia ×1
Feudal
13:51
Castle
18:24
Imperial
41:04
| APM avg | 29.7 |
| APM peak | 53 |
| eAPM avg | 19.9 |
| Villagers / military | 145 / 245 |
Focus
⚔️ 36.8% · 🌾 63.2%
Spearman ×178 · Serjeant ×51 · Battering Ram ×10 · Trebuchet (Packed) ×5 · Monk ×1
Feudal
14:41
Castle
19:03
Imperial
34:13
| APM avg | 20.4 |
| APM peak | 60 |
| eAPM avg | 16.3 |
| Villagers / military | 162 / 350 |
Focus
⚔️ 44.6% · 🌾 55.4%
Spearman ×98 · Militia ×90 · Skirmisher ×76 · Organ Gun ×65 · Bombard Cannon ×9 · Hand Cannoneer ×5
Feudal
14:08
Castle
22:42
Imperial
40:21
| APM avg | 16.7 |
| APM peak | 41 |
| eAPM avg | 12.3 |
| Villagers / military | 86 / 133 |
Focus
⚔️ 33.8% · 🌾 66.2%
Spearman ×97 · Hussite Wagon ×28 · Knight ×4 · Monk ×2 · Militia ×1 · Scout Cavalry ×1
Feudal
14:41
Castle
20:09
Imperial
35:29
| APM avg | 27.6 |
| APM peak | 71 |
| eAPM avg | 17.1 |
| Villagers / military | 102 / 264 |
Focus
⚔️ 43.1% · 🌾 56.9%
Spearman ×151 · Battle Elephant ×66 · Archer ×43 · Trebuchet (Packed) ×4 · Trade Cart ×1
Feudal
13:06
Castle
21:27
Imperial
36:53
| APM avg | 23.8 |
| APM peak | 65 |
| eAPM avg | 15.2 |
| Villagers / military | 125 / 208 |
Focus
⚔️ 30.4% · 🌾 69.6%
Spearman ×66 · Scout Cavalry ×62 · Karambit Warrior ×48 · Bombard Cannon ×17 · Mangonel ×6 · Battle Elephant ×5
Feudal
14:37
Castle
19:56
Imperial
44:15
| APM avg | 30.8 |
| APM peak | 60 |
| eAPM avg | 18.7 |
| Villagers / military | 143 / 167 |
Focus
⚔️ 29.9% · 🌾 70.1%
Scout Cavalry ×120 · Spearman ×24 · Obuch ×18 · Trebuchet (Packed) ×3 · Mangonel ×2
Feudal
14:48
Castle
20:32
Imperial
35:12
| APM avg | 15.7 |
| APM peak | 54 |
| eAPM avg | 11.7 |
| Villagers / military | 155 / 0 |
Focus
⚔️ 23.5% · 🌾 76.5%
Unknown (1949) ×73 · Unknown (1944) ×12 · Trade Cart ×6 · Unknown (1954) ×2
Match map
Initial resources + every placement click. Lines = walls · curves = elevation contours. ◆ gold · ⬟ stone · ● berries · ✦ relic · ◌ wall gap
Inputs per minute
— The_Punisher - - Tamy Chan
Build order — The_Punisher
First 150 of 416 actions detected
| 0:54 | Build | Town Center |
| 1:45 | Build | House |
| 2:32 | Build | Barracks |
| 2:57 | Create | Villager (Male) |
| 2:57 | Create | Villager (Male) |
| 3:01 | Create | Villager (Male) |
| 3:01 | Research | Loom |
| 3:03 | Create | Villager (Male) |
| 3:03 | Create | Villager (Male) |
| 3:36 | Create | Militia |
| 4:22 | Create | Villager (Male) |
| 4:22 | Create | Villager (Male) |
| 5:02 | Build | House |
| 5:06 | Create | Villager (Male) |
| 5:06 | Create | Villager (Male) |
| 5:36 | Create | Villager (Male) |
| 5:37 | Create | Villager (Male) |
| 5:42 | Build | House |
| 5:59 | Create | Villager (Male) |
| 5:59 | Create | Villager (Male) |
| 6:21 | Create | Villager (Male) |
| 6:21 | Create | Villager (Male) |
| 7:09 | Create | Villager (Male) |
| 7:09 | Create | Villager (Male) |
| 7:10 | Create | Villager (Male) |
| 7:43 | Create | Villager (Male) |
| 8:07 | Create | Villager (Male) |
| 8:08 | Create | Villager (Male) |
| 8:23 | Build | House |
| 8:24 | Build | House |
| 8:32 | Create | Villager (Male) |
| 8:32 | Create | Villager (Male) |
| 9:14 | Create | Villager (Male) |
| 9:34 | Create | Villager (Male) |
| 9:43 | Create | Villager (Male) |
| 10:08 | Create | Villager (Male) |
| 10:20 | Create | Villager (Male) |
| 10:46 | Create | Villager (Male) |
| 10:53 | Build | Mill |
| 11:01 | Create | Villager (Male) |
| 11:16 | Build | House |
| 11:20 | Build | Palisade Gate |
| 11:29 | Build | Mill |
| 11:33 | Create | Villager (Male) |
| 11:59 | Create | Villager (Male) |
| 12:17 | Build | Mining Camp |
| 12:54 | Create | Villager (Male) |
| 13:26 | Create | Villager (Male) |
| 13:28 | Build | Lumber Camp |
| 13:50 | Research | Feudal Age |
| 13:50 | Research | Feudal Age |
| 14:32 | Build | House |
| 15:56 | Build | Mill |
| 16:01 | Age | Feudal Age |
| 16:08 | Build | Blacksmith |
| 16:21 | Build | Market |
| 16:26 | Create | Villager (Male) |
| 16:28 | Create | Villager (Male) |
| 16:49 | Create | Villager (Male) |
| 17:07 | Create | Villager (Male) |
| 17:09 | Build | House |
| 17:11 | Build | Stone Wall |
| 17:15 | Build | Building 673 |
| 17:29 | Build | Building 487 |
| 17:36 | Build | Palisade Wall |
| 17:43 | Research | Castle Age |
| 19:08 | Build | House |
| 20:11 | Build | Mining Camp |
| 20:21 | Build | House |
| 20:22 | Build | House |
| 20:46 | Age | Castle Age |
| 20:52 | Build | Town Center |
| 21:01 | Build | Stone Wall |
| 21:07 | Build | Building 490 |
| 21:09 | Build | House |
| 21:15 | Create | Villager (Male) |
| 21:15 | Create | Villager (Male) |
| 21:47 | Create | Villager (Male) |
| 21:47 | Create | Villager (Male) |
| 21:56 | Research | Stone Mining |
| 21:56 | Research | Stone Mining |
| 21:58 | Research | Gold Mining |
| 22:04 | Create | Villager (Male) |
| 22:08 | Build | Farm |
| 22:12 | Build | Farm |
| 22:16 | Build | Farm |
| 22:18 | Build | Farm |
| 22:21 | Build | Farm |
| 22:22 | Build | Farm |
| 22:24 | Research | Double-Bit Axe |
| 22:33 | Create | Villager (Male) |
| 22:33 | Create | Villager (Male) |
| 22:57 | Build | Monastery |
| 23:00 | Build | Farm |
| 23:02 | Create | Villager (Male) |
| 23:19 | Build | Lumber Camp |
| 23:21 | Create | Villager (Male) |
| 23:28 | Create | Villager (Male) |
| 23:36 | Build | Town Center |
| 23:42 | Build | Farm |
| 23:44 | Create | Villager (Male) |
| 23:47 | Create | Monk |
| 23:47 | Create | Monk |
| 24:10 | Create | Villager (Male) |
| 24:29 | Create | Villager (Male) |
| 24:30 | Create | Villager (Male) |
| 24:39 | Build | Farm |
| 24:40 | Build | Farm |
| 24:43 | Build | Farm |
| 24:47 | Build | Farm |
| 24:52 | Create | Villager (Male) |
| 25:19 | Create | Villager (Male) |
| 25:25 | Research | Bow Saw |
| 25:25 | Research | Bow Saw |
| 25:43 | Create | Monk |
| 26:12 | Create | Villager (Male) |
| 26:12 | Create | Villager (Male) |
| 26:32 | Create | Villager (Male) |
| 26:33 | Create | Villager (Male) |
| 26:43 | Build | Castle |
| 26:52 | Build | Farm |
| 26:55 | Create | Villager (Male) |
| 27:00 | Build | Farm |
| 27:18 | Create | Villager (Male) |
| 27:19 | Create | Villager (Male) |
| 27:20 | Create | Villager (Male) |
| 27:26 | Build | Lumber Camp |
| 27:31 | Build | Farm |
| 27:33 | Create | Villager (Male) |
| 27:33 | Create | Villager (Male) |
| 27:58 | Create | Villager (Male) |
| 28:01 | Create | Villager (Male) |
| 28:03 | Build | Farm |
| 28:24 | Build | Mining Camp |
| 28:27 | Create | Villager (Male) |
| 28:35 | Build | Stone Wall |
| 28:38 | Build | Building 487 |
| 28:43 | Build | Stone Wall |
| 28:51 | Create | Villager (Male) |
| 29:09 | Build | Farm |
| 29:09 | Build | Farm |
| 29:13 | Build | Farm |
| 29:14 | Build | Farm |
| 29:20 | Create | Villager (Male) |
| 29:22 | Build | Archery Range |
| 29:24 | Build | Archery Range |
| 29:26 | Build | Archery Range |
| 29:30 | Create | Villager (Male) |
| 29:30 | Create | Villager (Male) |
| 29:32 | Research | Wheelbarrow |
Build order — Tamy Chan
First 150 of 588 actions detected
| 0:09 | Build | Town Center |
| 2:07 | Build | House |
| 2:31 | Create | Villager (Male) |
| 2:31 | Create | Villager (Male) |
| 2:32 | Create | Villager (Male) |
| 2:39 | Build | House |
| 2:43 | Create | Villager (Male) |
| 3:57 | Research | Loom |
| 4:14 | Create | Villager (Male) |
| 4:40 | Create | Villager (Male) |
| 4:54 | Create | Villager (Male) |
| 5:16 | Build | House |
| 5:26 | Create | Villager (Male) |
| 5:37 | Create | Villager (Male) |
| 6:19 | Build | House |
| 6:20 | Build | House |
| 6:23 | Create | Villager (Male) |
| 6:49 | Create | Villager (Male) |
| 6:54 | Create | Villager (Male) |
| 7:30 | Build | Mill |
| 7:56 | Create | Villager (Male) |
| 7:56 | Create | Villager (Male) |
| 8:00 | Create | Villager (Male) |
| 8:14 | Create | Villager (Male) |
| 9:30 | Create | Villager (Male) |
| 9:30 | Create | Villager (Male) |
| 9:51 | Create | Villager (Male) |
| 10:11 | Create | Villager (Male) |
| 10:20 | Build | Lumber Camp |
| 10:21 | Create | Villager (Male) |
| 10:49 | Build | House |
| 10:58 | Build | Mining Camp |
| 11:02 | Create | Villager (Male) |
| 11:06 | Build | House |
| 11:26 | Build | House |
| 11:32 | Research | Feudal Age |
| 12:16 | Create | Villager (Male) |
| 12:16 | Create | Villager (Male) |
| 12:41 | Create | Villager (Male) |
| 12:58 | Build | House |
| 13:08 | Build | House |
| 13:21 | Build | House |
| 13:37 | Build | House |
| 13:45 | Build | House |
| 13:51 | Age | Feudal Age |
| 13:55 | Create | Villager (Male) |
| 14:00 | Build | Market |
| 14:08 | Build | Blacksmith |
| 15:27 | Build | House |
| 15:44 | Research | Castle Age |
| 16:23 | Build | Donjon |
| 16:26 | Create | Villager (Male) |
| 16:31 | Research | Double-Bit Axe |
| 17:04 | Create | Villager (Male) |
| 17:31 | Create | Villager (Male) |
| 17:51 | Create | Serjeant |
| 17:58 | Build | Farm |
| 17:59 | Build | Farm |
| 18:03 | Build | Farm |
| 18:04 | Research | Horse Collar |
| 18:08 | Build | Farm |
| 18:10 | Build | Farm |
| 18:15 | Build | Farm |
| 18:18 | Build | Farm |
| 18:20 | Build | Farm |
| 18:24 | Age | Castle Age |
| 18:30 | Create | Serjeant |
| 18:38 | Create | Serjeant |
| 18:50 | Build | Farm |
| 18:51 | Create | Villager (Male) |
| 18:55 | Create | Serjeant |
| 19:02 | Research | Scale Mail Armor |
| 19:10 | Create | Villager (Male) |
| 19:24 | Create | Serjeant |
| 19:33 | Create | Villager (Male) |
| 19:45 | Create | Serjeant |
| 19:53 | Build | House |
| 19:58 | Research | Town Watch |
| 19:59 | Create | Villager (Male) |
| 20:07 | Create | Serjeant |
| 20:15 | Build | House |
| 20:16 | Build | House |
| 20:18 | Create | Villager (Male) |
| 20:30 | Build | Donjon |
| 20:32 | Create | Serjeant |
| 20:38 | Create | Villager (Male) |
| 20:56 | Create | Serjeant |
| 21:06 | Create | Serjeant |
| 21:09 | Create | Serjeant |
| 21:13 | Create | Villager (Male) |
| 21:15 | Build | Farm |
| 21:17 | Build | Farm |
| 21:20 | Create | Villager (Male) |
| 21:31 | Create | Serjeant |
| 21:32 | Create | Serjeant |
| 21:38 | Build | Farm |
| 21:39 | Build | Farm |
| 21:48 | Create | Villager (Male) |
| 22:09 | Create | Serjeant |
| 22:22 | Create | Serjeant |
| 22:34 | Build | House |
| 22:35 | Build | House |
| 22:39 | Build | House |
| 22:41 | Build | House |
| 22:50 | Create | Serjeant |
| 22:55 | Create | Villager (Male) |
| 23:09 | Build | Donjon |
| 23:12 | Create | Serjeant |
| 23:20 | Research | Forging |
| 23:54 | Create | Serjeant |
| 23:58 | Create | Villager (Male) |
| 24:11 | Create | Serjeant |
| 24:29 | Build | Town Center |
| 24:30 | Create | Villager (Male) |
| 24:48 | Create | Villager (Male) |
| 25:12 | Create | Serjeant |
| 25:17 | Create | Villager (Male) |
| 25:35 | Create | Villager (Male) |
| 25:46 | Create | Serjeant |
| 26:01 | Create | Villager (Male) |
| 26:08 | Build | Farm |
| 26:09 | Build | Farm |
| 26:11 | Build | Farm |
| 26:13 | Build | Farm |
| 26:18 | Build | Farm |
| 26:18 | Build | Farm |
| 26:19 | Build | Farm |
| 26:20 | Build | Farm |
| 26:20 | Create | Villager (Male) |
| 26:21 | Create | Villager (Male) |
| 26:29 | Build | Donjon |
| 26:38 | Build | Farm |
| 26:39 | Create | Villager (Male) |
| 26:40 | Create | Villager (Male) |
| 26:52 | Create | Serjeant |
| 26:53 | Create | Serjeant |
| 27:00 | Build | Farm |
| 27:16 | Create | Serjeant |
| 27:26 | Create | Serjeant |
| 27:27 | Create | Serjeant |
| 27:32 | Create | Serjeant |
| 27:54 | Create | Villager (Male) |
| 27:56 | Create | Serjeant |
| 27:56 | Create | Serjeant |
| 28:07 | Create | Villager (Male) |
| 28:22 | Build | Mining Camp |
| 28:23 | Create | Villager (Male) |
| 28:24 | Create | Villager (Male) |
| 28:27 | Build | Farm |
| 28:28 | Build | Farm |
Build order — MVP ?
First 150 of 443 actions detected
| 0:20 | Build | Town Center |
| 0:44 | Build | House |
| 2:30 | Build | House |
| 2:33 | Research | Loom |
| 2:33 | Research | Loom |
| 2:34 | Create | Villager (Male) ×4 |
| 2:34 | Create | Villager (Male) ×4 |
| 4:14 | Build | House |
| 4:28 | Create | Villager (Male) |
| 4:28 | Create | Villager (Male) |
| 4:29 | Create | Villager (Male) |
| 4:51 | Create | Villager (Male) |
| 4:51 | Create | Villager (Male) |
| 4:51 | Create | Villager (Male) |
| 5:16 | Create | Villager (Male) |
| 5:16 | Create | Villager (Male) |
| 5:17 | Create | Villager (Male) |
| 5:17 | Create | Villager (Male) |
| 5:17 | Create | Villager (Male) |
| 5:40 | Create | Villager (Male) |
| 5:40 | Create | Villager (Male) |
| 5:40 | Create | Villager (Male) |
| 5:41 | Create | Villager (Male) |
| 6:29 | Create | Villager (Male) |
| 6:30 | Create | Villager (Male) |
| 6:30 | Create | Villager (Male) |
| 6:54 | Create | Villager (Male) |
| 6:54 | Create | Villager (Male) |
| 6:54 | Create | Villager (Male) |
| 7:21 | Create | Villager (Male) |
| 7:22 | Create | Villager (Male) |
| 7:22 | Create | Villager (Male) |
| 7:22 | Create | Villager (Male) |
| 7:27 | Create | Villager (Male) |
| 7:28 | Create | Villager (Male) |
| 7:28 | Create | Villager (Male) |
| 7:50 | Build | House |
| 7:52 | Build | House |
| 7:53 | Create | Villager (Male) |
| 7:54 | Create | Villager (Male) |
| 8:42 | Create | Villager (Male) |
| 8:42 | Create | Villager (Male) |
| 8:47 | Build | Mill |
| 8:55 | Build | House |
| 8:59 | Create | Villager (Male) |
| 9:29 | Create | Villager (Male) |
| 10:00 | Build | Lumber Camp |
| 10:15 | Create | Villager (Male) |
| 11:08 | Create | Villager (Male) |
| 11:40 | Create | Villager (Male) |
| 12:01 | Build | House |
| 12:06 | Create | Villager (Male) |
| 12:27 | Research | Feudal Age |
| 12:48 | Build | Palisade Wall |
| 13:00 | Build | Palisade Gate |
| 13:53 | Build | Mill |
| 14:19 | Create | Villager (Male) |
| 14:41 | Age | Feudal Age |
| 14:44 | Create | Villager (Male) |
| 14:44 | Create | Villager (Male) |
| 14:47 | Build | Market |
| 14:52 | Build | Blacksmith |
| 15:47 | Research | Double-Bit Axe |
| 15:58 | Create | Villager (Male) |
| 16:06 | Research | Castle Age |
| 16:14 | Build | Mining Camp |
| 17:15 | Build | Barracks |
| 18:37 | Research | Wheelbarrow |
| 19:03 | Age | Castle Age |
| 19:13 | Build | Town Center |
| 19:16 | Create | Villager (Male) |
| 19:33 | Build | Town Center |
| 19:39 | Research | Bow Saw |
| 19:41 | Research | Horse Collar |
| 20:06 | Build | Farm |
| 20:23 | Build | Monastery |
| 20:26 | Create | Villager (Male) |
| 20:35 | Create | Villager (Male) |
| 20:41 | Build | Outpost |
| 20:52 | Build | Farm |
| 20:54 | Build | Farm |
| 20:56 | Create | Villager (Male) |
| 20:57 | Create | Villager (Male) |
| 20:58 | Create | Villager (Male) |
| 21:03 | Build | Farm |
| 21:14 | Create | Monk |
| 21:29 | Build | Farm |
| 21:36 | Build | Farm |
| 21:38 | Build | Farm |
| 21:39 | Build | Farm |
| 21:44 | Build | Farm |
| 21:58 | Build | Outpost |
| 22:09 | Create | Villager (Male) |
| 22:10 | Create | Villager (Male) |
| 22:15 | Build | House |
| 22:24 | Build | Farm |
| 22:26 | Build | Farm |
| 22:28 | Build | Farm |
| 22:30 | Build | Farm |
| 22:35 | Build | Farm |
| 22:41 | Build | Farm |
| 22:45 | Build | Farm |
| 22:55 | Create | Villager (Male) ×2 |
| 23:08 | Build | Outpost |
| 23:12 | Build | Farm |
| 23:17 | Create | Villager (Male) |
| 23:18 | Create | Villager (Male) |
| 23:18 | Create | Villager (Male) |
| 23:18 | Create | Villager (Male) |
| 23:37 | Build | Castle |
| 23:45 | Build | Farm |
| 23:55 | Build | Farm |
| 23:57 | Build | Farm |
| 23:58 | Build | Farm |
| 23:59 | Build | Farm |
| 24:01 | Build | Farm |
| 24:10 | Build | Farm |
| 24:12 | Create | Villager (Male) |
| 24:13 | Create | Villager (Male) |
| 24:14 | Create | Villager (Male) |
| 24:15 | Create | Villager (Male) |
| 24:18 | Build | House |
| 24:19 | Build | House |
| 24:24 | Research | Heavy Plow |
| 24:26 | Create | Villager (Male) |
| 24:38 | Create | Villager (Male) |
| 24:44 | Build | Farm |
| 24:50 | Create | Villager (Male) |
| 24:51 | Create | Villager (Male) |
| 24:52 | Create | Villager (Male) |
| 25:11 | Create | Villager (Male) ×2 |
| 25:40 | Create | Villager (Male) |
| 25:41 | Create | Villager (Male) |
| 25:42 | Create | Villager (Male) |
| 25:43 | Create | Villager (Male) |
| 25:50 | Build | Town Center |
| 26:05 | Build | Lumber Camp |
| 26:09 | Create | Villager (Male) |
| 26:10 | Create | Villager (Male) |
| 26:11 | Create | Villager (Male) |
| 26:11 | Create | Villager (Male) |
| 26:34 | Research | Gold Mining |
| 26:43 | Create | Organ Gun ×2 |
| 26:50 | Create | Spearman |
| 27:07 | Research | Stone Mining |
| 27:13 | Create | Villager (Male) |
| 27:13 | Create | Villager (Male) |
| 27:14 | Create | Villager (Male) |
| 27:23 | Research | Hand Cart |
| 27:26 | Create | Villager (Male) ×2 |
Build order — l7i3g0
First 150 of 397 actions detected
| 0:34 | Build | Town Center |
| 2:21 | Build | House |
| 2:34 | Research | Loom |
| 2:46 | Create | Villager (Male) |
| 2:46 | Create | Villager (Male) |
| 2:47 | Create | Villager (Male) |
| 3:01 | Create | Villager (Male) |
| 3:01 | Create | Villager (Male) |
| 4:32 | Create | Villager (Male) |
| 4:32 | Create | Villager (Male) |
| 4:41 | Build | House |
| 5:12 | Create | Villager (Male) |
| 5:13 | Create | Villager (Male) |
| 5:36 | Create | Villager (Male) |
| 5:36 | Create | Villager (Male) |
| 5:59 | Create | Villager (Male) |
| 6:00 | Create | Villager (Male) |
| 6:22 | Create | Villager (Male) |
| 6:22 | Create | Villager (Male) |
| 6:35 | Create | Villager (Male) |
| 6:35 | Create | Villager (Male) |
| 7:05 | Build | House |
| 7:23 | Create | Villager (Male) |
| 7:23 | Create | Villager (Male) |
| 7:23 | Create | Villager (Male) |
| 7:44 | Build | Mill |
| 8:29 | Create | Villager (Male) |
| 8:30 | Create | Villager (Male) |
| 8:30 | Create | Villager (Male) |
| 8:32 | Create | Villager (Male) |
| 8:32 | Create | Villager (Male) |
| 8:38 | Build | House |
| 9:15 | Create | Villager (Male) |
| 9:38 | Build | Lumber Camp |
| 11:00 | Build | House |
| 11:18 | Build | Palisade Gate |
| 11:34 | Build | Palisade Wall |
| 11:39 | Build | Barracks |
| 11:45 | Create | Villager (Male) |
| 11:58 | Research | Feudal Age |
| 12:51 | Create | Villager (Male) |
| 12:52 | Create | Villager (Male) |
| 13:14 | Create | Villager (Male) |
| 13:16 | Create | Villager (Male) |
| 13:34 | Build | House |
| 13:46 | Create | Villager (Male) |
| 13:47 | Create | Villager (Male) |
| 14:05 | Create | Villager (Male) |
| 14:08 | Age | Feudal Age |
| 14:13 | Build | Stable |
| 14:22 | Create | Villager (Male) |
| 14:30 | Build | Farm |
| 14:35 | Build | Farm |
| 14:36 | Create | Villager (Male) |
| 15:06 | Build | Palisade Wall |
| 15:10 | Build | Building 796 |
| 15:11 | Create | Scout Cavalry |
| 15:21 | Build | Mill |
| 15:31 | Build | House |
| 15:34 | Build | Archery Range |
| 16:11 | Build | House |
| 16:20 | Build | Market |
| 16:23 | Create | Villager (Male) |
| 16:29 | Build | Farm |
| 16:33 | Build | Farm |
| 16:55 | Build | Farm |
| 17:30 | Build | Farm |
| 17:34 | Build | Farm |
| 17:37 | Build | Farm |
| 17:58 | Create | Villager (Male) |
| 18:47 | Create | Villager (Male) |
| 18:55 | Build | Mining Camp |
| 19:41 | Build | House |
| 19:46 | Build | Palisade Gate |
| 19:48 | Build | House |
| 20:02 | Research | Castle Age |
| 20:02 | Research | Castle Age |
| 20:39 | Build | Farm |
| 21:05 | Create | Villager (Male) |
| 21:06 | Create | Villager (Male) |
| 21:34 | Build | House |
| 21:39 | Build | Blacksmith |
| 21:49 | Research | Horse Collar |
| 22:42 | Age | Castle Age |
| 22:54 | Build | Town Center |
| 22:58 | Build | House |
| 23:01 | Build | Monastery |
| 23:11 | Create | Villager (Male) |
| 23:11 | Create | Villager (Male) |
| 23:12 | Create | Villager (Male) |
| 23:13 | Create | Villager (Male) |
| 23:13 | Create | Villager (Male) |
| 23:31 | Create | Villager (Male) |
| 23:31 | Create | Villager (Male) |
| 23:53 | Build | University |
| 23:55 | Create | Monk |
| 24:22 | Create | Villager (Male) |
| 24:23 | Create | Villager (Male) |
| 24:30 | Create | Villager (Male) |
| 24:32 | Create | Villager (Male) |
| 25:02 | Create | Villager (Male) |
| 25:13 | Build | Castle |
| 25:26 | Create | Villager (Male) |
| 25:27 | Create | Villager (Male) |
| 25:30 | Create | Villager (Male) |
| 25:31 | Create | Villager (Male) |
| 25:56 | Create | Villager (Male) |
| 25:57 | Create | Villager (Male) |
| 26:00 | Create | Villager (Male) |
| 26:05 | Create | Villager (Male) |
| 26:18 | Create | Villager (Male) |
| 26:45 | Build | Mining Camp |
| 26:53 | Create | Hussite Wagon |
| 27:16 | Create | Villager (Male) |
| 27:17 | Create | Villager (Male) |
| 27:36 | Build | Castle |
| 27:42 | Create | Hussite Wagon |
| 27:42 | Create | Hussite Wagon |
| 27:48 | Create | Villager (Male) |
| 28:11 | Create | Villager (Male) |
| 28:11 | Create | Villager (Male) |
| 28:11 | Create | Villager (Male) |
| 28:38 | Build | Lumber Camp |
| 28:48 | Create | Hussite Wagon |
| 28:52 | Create | Hussite Wagon |
| 29:15 | Create | Villager (Male) |
| 29:16 | Create | Villager (Male) |
| 29:28 | Create | Hussite Wagon |
| 29:37 | Create | Monk |
| 29:46 | Create | Hussite Wagon |
| 29:47 | Create | Hussite Wagon |
| 30:09 | Research | Double-Bit Axe |
| 30:13 | Create | Villager (Male) |
| 31:02 | Build | Castle |
| 33:00 | Build | Stable |
| 33:02 | Build | Stable |
| 33:04 | Build | Stable |
| 33:21 | Build | Mining Camp |
| 33:28 | Build | Mining Camp |
| 33:34 | Research | Heavy Plow |
| 33:49 | Create | Knight |
| 33:50 | Create | Knight |
| 33:51 | Create | Knight |
| 33:55 | Create | Knight |
| 34:01 | Build | Farm |
| 34:02 | Build | Farm |
| 34:06 | Build | Farm |
| 34:07 | Build | Farm |
| 34:08 | Build | Farm |
| 34:09 | Build | Farm |
Build order — michaelarendash
First 150 of 567 actions detected
| 0:38 | Build | Town Center |
| 2:15 | Build | House |
| 3:27 | Create | Villager (Male) |
| 3:27 | Create | Villager (Male) |
| 3:27 | Create | Villager (Male) |
| 3:28 | Create | Villager (Male) |
| 3:28 | Create | Villager (Male) |
| 4:36 | Create | Villager (Male) |
| 5:00 | Build | House |
| 5:23 | Create | Villager (Male) |
| 5:42 | Create | Villager (Male) |
| 6:11 | Create | Villager (Male) |
| 6:42 | Build | House |
| 6:46 | Build | House |
| 6:54 | Create | Villager (Male) |
| 7:17 | Create | Villager (Male) |
| 7:56 | Create | Villager (Male) |
| 7:56 | Create | Villager (Male) |
| 7:56 | Create | Villager (Male) |
| 7:56 | Create | Villager (Male) |
| 8:54 | Build | Lumber Camp |
| 9:27 | Create | Villager (Male) |
| 9:27 | Create | Villager (Male) |
| 9:28 | Create | Villager (Male) |
| 9:28 | Create | Villager (Male) |
| 10:10 | Create | Villager (Male) |
| 10:37 | Build | Mill |
| 11:25 | Create | Villager (Male) |
| 11:27 | Create | Villager (Male) |
| 12:08 | Build | Mining Camp |
| 12:13 | Research | Feudal Age |
| 13:58 | Build | House |
| 13:59 | Build | House |
| 14:24 | Create | Villager (Male) |
| 14:24 | Create | Villager (Male) |
| 14:25 | Create | Villager (Male) |
| 14:41 | Age | Feudal Age |
| 14:41 | Research | Double-Bit Axe |
| 14:54 | Build | Market |
| 14:58 | Build | Blacksmith |
| 15:19 | Research | Wheelbarrow |
| 15:34 | Build | Stone Wall |
| 16:28 | Build | Mill |
| 16:54 | Build | Mill |
| 17:29 | Research | Castle Age |
| 17:40 | Build | Barracks |
| 18:23 | Create | Villager (Male) |
| 18:32 | Research | Gold Mining |
| 18:42 | Build | House |
| 18:46 | Build | Stable |
| 18:59 | Build | House |
| 19:02 | Build | House |
| 19:07 | Build | Stone Wall |
| 19:19 | Build | House |
| 19:20 | Build | House |
| 19:21 | Build | House |
| 20:03 | Create | Villager (Male) |
| 20:09 | Age | Castle Age |
| 20:09 | Research | Bow Saw |
| 20:10 | Research | Bow Saw |
| 20:31 | Build | Town Center |
| 20:35 | Create | Villager (Male) |
| 20:35 | Create | Villager (Male) |
| 20:55 | Build | Town Center |
| 20:59 | Create | Villager (Male) |
| 21:32 | Research | Loom |
| 21:40 | Create | Villager (Male) |
| 21:40 | Create | Villager (Male) |
| 21:43 | Create | Villager (Male) |
| 22:44 | Create | Battle Elephant |
| 22:44 | Create | Battle Elephant |
| 22:55 | Create | Villager (Male) |
| 23:04 | Build | Farm |
| 23:05 | Build | Farm |
| 23:05 | Build | Farm |
| 23:06 | Build | Farm |
| 23:07 | Build | Farm |
| 23:11 | Create | Villager (Male) |
| 23:12 | Create | Villager (Male) |
| 23:13 | Create | Villager (Male) |
| 23:26 | Create | Villager (Male) |
| 23:27 | Create | Villager (Male) |
| 23:32 | Build | Farm |
| 23:32 | Build | Farm |
| 23:33 | Build | Farm |
| 23:34 | Build | Farm |
| 23:55 | Create | Villager (Male) |
| 24:01 | Build | Farm |
| 24:02 | Build | Farm |
| 24:04 | Build | Farm |
| 24:05 | Build | Farm |
| 24:06 | Build | Farm |
| 24:07 | Build | Farm |
| 24:15 | Build | Farm |
| 24:17 | Create | Villager (Male) |
| 24:24 | Create | Villager (Male) |
| 24:25 | Create | Villager (Male) |
| 24:27 | Create | Villager (Male) |
| 24:37 | Build | Mining Camp |
| 24:43 | Create | Villager (Male) |
| 24:43 | Create | Villager (Male) |
| 24:44 | Create | Villager (Male) |
| 24:46 | Create | Villager (Male) |
| 25:14 | Build | Town Center |
| 25:18 | Create | Villager (Male) |
| 25:19 | Create | Villager (Male) |
| 25:20 | Create | Battle Elephant |
| 26:14 | Create | Villager (Male) |
| 26:14 | Create | Villager (Male) |
| 26:15 | Create | Villager (Male) |
| 26:15 | Create | Villager (Male) |
| 26:22 | Create | Villager (Male) |
| 26:23 | Create | Villager (Male) |
| 26:30 | Build | Farm |
| 26:31 | Build | Farm |
| 26:33 | Build | Farm |
| 26:34 | Build | Farm |
| 26:35 | Build | Farm |
| 26:58 | Create | Villager (Male) |
| 26:59 | Create | Villager (Male) |
| 26:59 | Create | Villager (Male) |
| 26:59 | Create | Villager (Male) |
| 27:04 | Build | Farm |
| 27:05 | Build | Farm |
| 27:06 | Build | Farm |
| 27:11 | Build | Lumber Camp |
| 27:18 | Build | Mill |
| 27:21 | Build | Farm |
| 27:22 | Build | Farm |
| 27:24 | Build | Farm |
| 27:25 | Build | Farm |
| 27:26 | Build | Farm |
| 27:27 | Build | Farm |
| 27:42 | Build | Farm |
| 27:45 | Create | Villager (Male) |
| 27:45 | Create | Villager (Male) |
| 27:47 | Create | Villager (Male) |
| 27:48 | Create | Villager (Male) |
| 27:57 | Create | Villager (Male) |
| 27:59 | Create | Villager (Male) |
| 28:01 | Create | Villager (Male) |
| 28:02 | Create | Villager (Male) |
| 28:21 | Build | Mining Camp |
| 28:27 | Create | Villager (Male) |
| 28:28 | Create | Villager (Male) |
| 28:31 | Create | Villager (Male) |
| 28:32 | Create | Villager (Male) |
| 28:40 | Build | House |
| 28:41 | Build | House |
| 28:42 | Build | House |
Build order — KSF.016
First 150 of 407 actions detected
| 0:16 | Build | Town Center |
| 2:44 | Create | Villager (Male) |
| 2:45 | Create | Villager (Male) |
| 2:45 | Create | Villager (Male) |
| 2:45 | Create | Villager (Male) |
| 3:42 | Build | House |
| 4:36 | Create | Villager (Male) |
| 4:51 | Build | House |
| 5:10 | Research | Loom |
| 5:14 | Create | Villager (Male) |
| 5:15 | Create | Villager (Male) |
| 5:15 | Create | Villager (Male) |
| 6:16 | Create | Villager (Male) |
| 6:28 | Create | Villager (Male) |
| 6:28 | Create | Villager (Male) |
| 6:32 | Build | House |
| 6:58 | Build | Lumber Camp |
| 7:26 | Create | Villager (Male) |
| 7:27 | Create | Villager (Male) |
| 8:10 | Create | Villager (Male) |
| 8:31 | Create | Villager (Male) |
| 8:39 | Create | Villager (Male) |
| 9:08 | Build | House |
| 9:58 | Create | Villager (Male) |
| 10:07 | Create | Villager (Male) |
| 10:30 | Create | Villager (Male) |
| 10:43 | Build | Mining Camp |
| 10:46 | Create | Villager (Male) |
| 10:54 | Build | Mill |
| 11:48 | Research | Feudal Age |
| 12:09 | Build | House |
| 13:06 | Age | Feudal Age |
| 13:07 | Create | Villager (Male) |
| 13:08 | Create | Villager (Male) |
| 13:18 | Research | Double-Bit Axe |
| 13:23 | Research | Horse Collar |
| 13:26 | Create | Villager (Male) |
| 13:45 | Create | Villager (Male) |
| 14:11 | Create | Villager (Male) |
| 14:12 | Create | Villager (Male) |
| 14:26 | Build | Barracks |
| 14:31 | Create | Villager (Male) |
| 14:39 | Build | Market |
| 14:48 | Create | Villager (Male) |
| 14:55 | Build | Farm |
| 14:57 | Build | Farm |
| 14:57 | Build | Farm |
| 14:59 | Build | Farm |
| 15:00 | Build | Farm |
| 15:01 | Build | Farm |
| 15:16 | Build | Farm |
| 15:17 | Create | Villager (Male) |
| 15:21 | Build | Farm |
| 15:23 | Build | Farm |
| 15:28 | Build | House |
| 15:32 | Build | House |
| 15:49 | Build | House |
| 15:52 | Build | House |
| 16:09 | Build | Farm |
| 16:41 | Build | Mining Camp |
| 16:59 | Build | House |
| 17:01 | Create | Villager (Male) |
| 17:01 | Create | Villager (Male) |
| 17:28 | Build | Barracks |
| 17:37 | Build | House |
| 17:46 | Create | Villager (Male) |
| 18:00 | Build | House |
| 18:09 | Build | Blacksmith |
| 18:22 | Build | Palisade Wall |
| 18:23 | Build | Palisade Wall |
| 18:33 | Build | Palisade Wall |
| 18:36 | Create | Villager (Male) |
| 18:45 | Create | Villager (Male) |
| 18:46 | Create | Villager (Male) |
| 19:07 | Build | Mining Camp |
| 19:12 | Create | Villager (Male) |
| 19:38 | Research | Castle Age |
| 20:46 | Build | House |
| 20:46 | Build | House |
| 21:27 | Age | Castle Age |
| 21:38 | Build | Town Center |
| 21:44 | Build | Town Center |
| 21:50 | Build | Town Center |
| 21:53 | Research | Wheelbarrow |
| 22:14 | Build | House |
| 22:29 | Research | Heavy Plow |
| 22:31 | Research | Bow Saw |
| 22:37 | Build | Farm |
| 22:39 | Build | Farm |
| 22:40 | Build | Farm |
| 22:43 | Build | Farm |
| 22:49 | Research | Bow Saw |
| 23:01 | Create | Villager (Male) |
| 23:01 | Create | Villager (Male) |
| 23:07 | Create | Villager (Male) |
| 23:07 | Create | Villager (Male) |
| 23:16 | Create | Villager (Male) |
| 23:24 | Build | Palisade Wall |
| 23:54 | Build | Farm |
| 23:55 | Build | Farm |
| 23:55 | Build | Farm |
| 23:58 | Create | Villager (Male) |
| 23:58 | Create | Villager (Male) |
| 23:58 | Create | Villager (Male) |
| 24:06 | Build | Farm |
| 24:06 | Build | Farm |
| 24:06 | Build | Farm |
| 24:07 | Build | Farm |
| 24:07 | Build | Farm |
| 24:15 | Create | Villager (Male) |
| 24:15 | Create | Villager (Male) |
| 24:16 | Create | Villager (Male) |
| 24:19 | Build | Farm |
| 24:21 | Build | Farm |
| 24:24 | Build | Farm |
| 24:27 | Build | Farm |
| 24:33 | Create | Villager (Male) |
| 24:33 | Create | Villager (Male) |
| 24:38 | Build | Farm |
| 24:40 | Build | Farm |
| 24:43 | Build | House |
| 24:44 | Build | House |
| 24:46 | Build | Farm |
| 24:58 | Create | Villager (Male) |
| 24:58 | Create | Villager (Male) |
| 24:59 | Create | Villager (Male) |
| 24:59 | Create | Villager (Male) |
| 24:59 | Create | Villager (Male) |
| 25:03 | Build | Farm |
| 25:20 | Build | Farm |
| 25:20 | Build | Farm |
| 25:22 | Create | Villager (Male) |
| 25:22 | Create | Villager (Male) |
| 25:23 | Create | Villager (Male) |
| 25:23 | Create | Villager (Male) |
| 25:23 | Create | Villager (Male) |
| 25:27 | Build | House |
| 25:27 | Build | House |
| 25:58 | Create | Villager (Male) |
| 25:59 | Create | Villager (Male) |
| 25:59 | Create | Villager (Male) |
| 25:59 | Create | Villager (Male) |
| 26:00 | Create | Villager (Male) |
| 26:00 | Create | Villager (Male) |
| 26:00 | Create | Villager (Male) |
| 26:00 | Create | Villager (Male) |
| 26:03 | Build | Farm |
| 26:14 | Research | Bow Saw |
| 26:24 | Create | Spearman |
| 26:27 | Build | House |
Build order — CrikFu
First 150 of 515 actions detected
| 0:11 | Build | House |
| 0:30 | Build | Town Center |
| 2:46 | Create | Villager (Male) |
| 2:46 | Create | Villager (Male) |
| 2:46 | Create | Villager (Male) |
| 2:47 | Create | Villager (Male) |
| 2:47 | Create | Villager (Male) |
| 3:37 | Build | House |
| 3:41 | Research | Loom |
| 4:15 | Create | Villager (Male) |
| 4:15 | Create | Villager (Male) |
| 4:22 | Build | House |
| 4:33 | Create | Villager (Male) |
| 4:33 | Create | Villager (Male) |
| 5:16 | Create | Villager (Male) |
| 5:16 | Create | Villager (Male) |
| 5:17 | Create | Villager (Male) |
| 5:58 | Create | Villager (Male) |
| 5:59 | Create | Villager (Male) |
| 6:43 | Build | House |
| 6:49 | Create | Villager (Male) |
| 6:49 | Create | Villager (Male) |
| 6:50 | Create | Villager (Male) |
| 6:53 | Create | Villager (Male) |
| 6:54 | Create | Villager (Male) |
| 6:57 | Build | House |
| 6:58 | Create | Villager (Male) |
| 6:59 | Create | Villager (Male) |
| 8:14 | Create | Villager (Male) |
| 8:15 | Create | Villager (Male) |
| 8:16 | Create | Villager (Male) |
| 8:17 | Create | Villager (Male) |
| 8:17 | Create | Villager (Male) |
| 8:17 | Create | Villager (Male) |
| 8:17 | Create | Villager (Male) |
| 8:18 | Create | Villager (Male) |
| 8:19 | Create | Villager (Male) |
| 8:26 | Build | Mill |
| 8:56 | Create | Villager (Male) |
| 8:56 | Create | Villager (Male) |
| 9:28 | Build | Mill |
| 11:09 | Build | House |
| 11:14 | Build | Palisade Wall |
| 11:23 | Build | Farm |
| 11:29 | Build | Farm |
| 11:32 | Build | Farm |
| 11:34 | Create | Villager (Male) |
| 11:57 | Build | Mining Camp |
| 12:27 | Research | Feudal Age |
| 12:28 | Research | Feudal Age |
| 13:06 | Build | Palisade Wall |
| 13:25 | Build | House |
| 13:26 | Build | House |
| 13:41 | Build | Lumber Camp |
| 14:09 | Build | Farm |
| 14:12 | Build | Farm |
| 14:37 | Age | Feudal Age |
| 14:41 | Build | Blacksmith |
| 14:43 | Create | Villager (Male) |
| 15:01 | Create | Villager (Male) |
| 15:25 | Build | Market |
| 15:27 | Create | Villager (Male) |
| 15:40 | Create | Villager (Male) |
| 15:43 | Build | Farm |
| 15:52 | Create | Villager (Male) |
| 15:57 | Build | Farm |
| 16:08 | Build | Palisade Wall |
| 16:13 | Create | Villager (Male) |
| 16:18 | Build | Farm |
| 17:16 | Research | Castle Age |
| 17:37 | Build | House |
| 17:42 | Research | Double-Bit Axe |
| 17:43 | Research | Double-Bit Axe |
| 18:02 | Build | Farm |
| 18:14 | Build | Palisade Wall |
| 18:25 | Research | Horse Collar |
| 19:00 | Build | Stone Wall |
| 19:48 | Build | House |
| 19:50 | Build | House |
| 19:53 | Create | Villager (Male) |
| 19:56 | Age | Castle Age |
| 20:05 | Create | Villager (Male) |
| 20:16 | Build | House |
| 20:19 | Build | House |
| 20:24 | Build | House |
| 20:25 | Create | Villager (Male) |
| 20:44 | Build | Town Center |
| 20:48 | Create | Villager (Male) |
| 21:02 | Create | Villager (Male) |
| 21:09 | Research | Fletching |
| 21:27 | Create | Villager (Male) |
| 21:28 | Build | Farm |
| 21:46 | Build | Siege Workshop |
| 21:51 | Create | Villager (Male) |
| 21:51 | Create | Villager (Male) |
| 21:52 | Create | Villager (Male) |
| 22:20 | Build | House |
| 22:22 | Build | House |
| 22:26 | Create | Villager (Male) |
| 22:26 | Create | Villager (Male) |
| 22:26 | Create | Villager (Male) |
| 22:40 | Create | Mangonel |
| 22:46 | Create | Villager (Male) |
| 22:46 | Create | Villager (Male) |
| 22:46 | Create | Villager (Male) |
| 23:06 | Create | Villager (Male) |
| 23:06 | Create | Villager (Male) |
| 24:31 | Create | Mangonel |
| 24:52 | Build | Farm |
| 24:52 | Build | Farm |
| 24:57 | Create | Villager (Male) |
| 24:58 | Create | Villager (Male) |
| 24:58 | Create | Villager (Male) |
| 25:25 | Create | Villager (Male) |
| 25:25 | Create | Villager (Male) |
| 26:19 | Build | Lumber Camp |
| 26:28 | Create | Villager (Male) |
| 26:28 | Create | Villager (Male) |
| 26:29 | Create | Villager (Male) |
| 26:39 | Build | House |
| 26:41 | Build | House |
| 26:48 | Create | Villager (Male) |
| 26:49 | Create | Villager (Male) |
| 26:54 | Research | Bow Saw |
| 27:25 | Build | House |
| 27:28 | Build | House |
| 27:51 | Create | Villager (Male) |
| 27:51 | Create | Villager (Male) |
| 27:55 | Build | House |
| 27:55 | Build | House |
| 28:18 | Build | Town Center |
| 28:29 | Create | Villager (Male) |
| 28:29 | Create | Villager (Male) |
| 28:30 | Create | Villager (Male) |
| 28:48 | Build | House |
| 28:54 | Build | House |
| 28:55 | Build | House |
| 29:18 | Build | House |
| 29:19 | Build | House |
| 29:24 | Build | House |
| 29:29 | Build | House |
| 29:32 | Create | Villager (Male) |
| 29:32 | Create | Villager (Male) |
| 29:33 | Create | Villager (Male) |
| 29:53 | Build | Farm |
| 29:54 | Build | Farm |
| 29:54 | Build | Farm |
| 29:55 | Build | Farm |
| 29:58 | Build | Farm |
| 30:02 | Create | Villager (Male) |
Build order — PhOeNiX
First 150 of 388 actions detected
| 1:36 | Build | Town Center |
| 3:12 | Build | House |
| 3:42 | Create | Villager (Male) |
| 3:42 | Create | Villager (Male) |
| 3:42 | Create | Villager (Male) |
| 3:43 | Create | Villager (Male) |
| 3:43 | Create | Villager (Male) |
| 5:06 | Build | House |
| 5:13 | Create | Villager (Male) |
| 5:14 | Create | Villager (Male) |
| 5:32 | Create | Villager (Male) |
| 5:32 | Create | Villager (Male) |
| 5:59 | Create | Villager (Male) |
| 5:59 | Create | Villager (Male) |
| 6:46 | Create | Villager (Male) |
| 6:46 | Create | Villager (Male) |
| 6:47 | Create | Villager (Male) |
| 6:47 | Create | Villager (Male) |
| 7:31 | Build | House |
| 7:45 | Create | Villager (Male) |
| 7:46 | Create | Villager (Male) |
| 8:08 | Build | Mill |
| 8:21 | Create | Villager (Male) |
| 8:21 | Create | Villager (Male) |
| 8:34 | Create | Villager (Male) |
| 8:34 | Create | Villager (Male) |
| 9:20 | Build | Lumber Camp |
| 9:24 | Create | Villager (Male) |
| 9:24 | Create | Villager (Male) |
| 10:02 | Build | House |
| 11:13 | Create | Villager (Male) |
| 11:46 | Create | Villager (Male) |
| 11:52 | Build | Mining Camp |
| 12:04 | Build | Mill |
| 12:13 | Create | Villager (Male) |
| 12:34 | Research | Feudal Age |
| 13:21 | Build | Barracks |
| 13:29 | Build | House |
| 14:31 | Build | Mill |
| 14:48 | Age | Feudal Age |
| 14:48 | Create | Villager (Male) |
| 14:49 | Create | Villager (Male) |
| 14:52 | Research | Double-Bit Axe |
| 15:13 | Build | Stable |
| 15:21 | Research | Loom |
| 15:58 | Build | Market |
| 16:12 | Create | Villager (Male) |
| 16:20 | Build | Farm |
| 16:26 | Build | Farm |
| 16:32 | Build | Farm |
| 16:36 | Build | House |
| 16:46 | Build | Farm |
| 16:55 | Build | Farm |
| 17:14 | Create | Villager (Male) |
| 17:52 | Research | Castle Age |
| 18:07 | Build | House |
| 18:09 | Build | House |
| 18:11 | Build | House |
| 18:12 | Build | House |
| 18:13 | Build | House |
| 18:14 | Build | House |
| 18:16 | Build | House |
| 18:27 | Research | Horse Collar |
| 19:20 | Research | Gold Mining |
| 19:27 | Build | Farm |
| 19:35 | Build | Farm |
| 19:43 | Build | Farm |
| 20:32 | Age | Castle Age |
| 20:36 | Create | Villager (Male) |
| 20:37 | Create | Villager (Male) |
| 20:37 | Create | Villager (Male) |
| 21:00 | Build | Town Center |
| 21:21 | Research | Bow Saw |
| 21:29 | Create | Villager (Male) |
| 21:35 | Create | Unit 1944 |
| 21:35 | Create | Unit 1944 |
| 21:35 | Create | Unit 1944 |
| 21:36 | Create | Unit 1944 |
| 22:06 | Build | Farm |
| 22:09 | Create | Villager (Male) |
| 22:09 | Create | Villager (Male) |
| 22:39 | Research | Heavy Plow |
| 23:10 | Create | Villager (Male) |
| 23:11 | Create | Villager (Male) |
| 23:19 | Create | Villager (Male) |
| 23:19 | Create | Villager (Male) |
| 23:34 | Build | Farm |
| 23:35 | Build | Farm |
| 23:36 | Build | Farm |
| 23:38 | Build | Farm |
| 23:42 | Create | Villager (Male) |
| 23:42 | Create | Villager (Male) |
| 23:47 | Create | Villager (Male) |
| 24:06 | Create | Unit 1944 |
| 24:06 | Create | Unit 1944 |
| 24:23 | Create | Villager (Male) |
| 24:27 | Create | Villager (Male) |
| 24:28 | Create | Villager (Male) |
| 25:07 | Build | Town Center |
| 25:12 | Create | Villager (Male) |
| 25:13 | Create | Villager (Male) |
| 25:17 | Create | Villager (Male) |
| 25:17 | Create | Villager (Male) |
| 25:20 | Research | Wheelbarrow |
| 25:34 | Build | Farm |
| 25:36 | Build | Farm |
| 25:46 | Build | Farm |
| 25:48 | Build | Farm |
| 25:53 | Create | Villager (Male) |
| 25:55 | Create | Villager (Male) |
| 26:37 | Create | Villager (Male) |
| 26:45 | Create | Villager (Male) |
| 26:45 | Create | Villager (Male) |
| 27:05 | Create | Unit 1944 |
| 27:05 | Create | Unit 1944 |
| 27:05 | Create | Unit 1944 |
| 27:26 | Create | Villager (Male) |
| 27:26 | Create | Villager (Male) |
| 27:35 | Build | Farm |
| 27:36 | Build | Farm |
| 27:38 | Build | Farm |
| 27:39 | Build | Farm |
| 28:01 | Create | Villager (Male) |
| 28:01 | Create | Villager (Male) |
| 28:09 | Create | Villager (Male) |
| 28:09 | Create | Villager (Male) |
| 28:13 | Create | Villager (Male) |
| 28:16 | Create | Villager (Male) |
| 28:20 | Create | Villager (Male) |
| 28:40 | Create | Unit 1944 |
| 28:41 | Create | Unit 1944 |
| 28:41 | Create | Unit 1944 |
| 29:03 | Build | Farm |
| 29:05 | Build | Farm |
| 29:06 | Build | Farm |
| 29:08 | Build | Farm |
| 29:15 | Create | Villager (Male) |
| 29:15 | Create | Villager (Male) |
| 29:20 | Create | Villager (Male) |
| 29:20 | Create | Villager (Male) |
| 29:21 | Create | Villager (Male) |
| 29:21 | Create | Villager (Male) |
| 29:29 | Build | Farm |
| 29:37 | Build | Farm |
| 29:44 | Build | Farm |
| 29:48 | Create | Villager (Male) |
| 29:50 | Create | Villager (Male) |
| 30:07 | Build | Castle |
| 30:23 | Build | House |
| 30:24 | Build | House |
Match timeline
| 2:32 | The_Punisher · first_building Barracks |
| 11:14 | CrikFu · wall_segment Palisade Wall x4 |
| 11:34 | l7i3g0 · wall_segment Palisade Wall x2 |
| 11:39 | l7i3g0 · first_building Barracks |
| 12:48 | MVP ? · wall_segment Palisade Wall x5 |
| 13:06 | KSF.016 · age_up feudal |
| 13:06 | CrikFu · wall_segment Palisade Wall x6 |
| 13:21 | PhOeNiX · first_building Barracks |
| 13:51 | Tamy Chan · age_up feudal |
| 14:08 | l7i3g0 · age_up feudal |
| 14:13 | l7i3g0 · first_building Stable |
| 14:26 | KSF.016 · first_building Barracks |
| 14:37 | CrikFu · age_up feudal |
| 14:41 | MVP ? · age_up feudal |
| 14:41 | michaelarendash · age_up feudal |
| 14:48 | PhOeNiX · age_up feudal |
| 15:06 | l7i3g0 · wall_segment Palisade Wall x4 |
| 15:13 | PhOeNiX · first_building Stable |
| 15:34 | l7i3g0 · first_building Archery Range |
| 15:34 | michaelarendash · wall_segment Stone Wall x9 |
| 16:01 | The_Punisher · age_up feudal |
| 16:08 | CrikFu · wall_segment Palisade Wall x10 |
| 16:23 | Tamy Chan · first_building Donjon |
| 16:53 | CrikFu · first_market_sell 100 wood |
| 16:54 | CrikFu · first_market_buy 100 food |
| 17:11 | The_Punisher · wall_segment Stone Wall x1 |
| 17:15 | MVP ? · first_building Barracks |
| 17:19 | michaelarendash · first_market_buy 100 food |
| 17:20 | PhOeNiX · first_market_sell 100 stone |
| 17:22 | PhOeNiX · first_market_buy 100 food |
| 17:36 | The_Punisher · wall_segment Palisade Wall x9 |
| 17:40 | michaelarendash · first_building Barracks |
| 18:14 | CrikFu · wall_segment Palisade Wall x7 |
| 18:22 | KSF.016 · wall_segment Palisade Wall x2 |
| 18:23 | KSF.016 · wall_segment Palisade Wall x9 |
| 18:24 | Tamy Chan · age_up castle |
| 18:29 | Tamy Chan · first_market_buy 100 food |
| 18:33 | KSF.016 · wall_segment Palisade Wall x14 |
| 18:46 | michaelarendash · first_building Stable |
| 19:00 | CrikFu · wall_segment Stone Wall x6 |
| 19:03 | MVP ? · age_up castle |
| 19:07 | michaelarendash · wall_segment Stone Wall x1 |
| 19:56 | CrikFu · age_up castle |
| 20:09 | michaelarendash · age_up castle |
| 20:23 | MVP ? · first_building Monastery |
| 20:32 | PhOeNiX · age_up castle |
| 20:46 | The_Punisher · age_up castle |
| 21:01 | The_Punisher · wall_segment Stone Wall x1 |
| 21:27 | KSF.016 · age_up castle |
| 21:46 | CrikFu · first_building Siege Workshop |
| 22:40 | michaelarendash · first_market_sell 100 wood |
| 22:42 | l7i3g0 · age_up castle |
| 22:57 | The_Punisher · first_building Monastery |
| 23:01 | l7i3g0 · first_building Monastery |
| 23:19 | Tamy Chan · first_market_sell 100 wood |
| 23:24 | KSF.016 · wall_segment Palisade Wall x15 |
| 23:37 | MVP ? · first_building Castle |
| 25:13 | l7i3g0 · first_building Castle |
| 25:23 | The_Punisher · first_market_buy 100 food |
| 26:43 | The_Punisher · first_building Castle |
| 27:22 | KSF.016 · first_building Siege Workshop |
| 28:08 | KSF.016 · first_market_sell 100 wood |
| 28:35 | The_Punisher · wall_segment Stone Wall x6 |
| 28:43 | The_Punisher · wall_segment Stone Wall x9 |
| 28:44 | KSF.016 · wall_segment Stone Wall x11 |
| 29:22 | The_Punisher · first_building Archery Range |
| 29:38 | MVP ? · first_building Stable |
| 29:55 | michaelarendash · first_building Castle |
| 30:07 | PhOeNiX · first_building Castle |
| 32:33 | MVP ? · first_building Archery Range |
| 32:56 | CrikFu · first_building Castle |
| 32:56 | KSF.016 · first_building Stable |
| 34:13 | MVP ? · age_up imperial |
| 34:34 | KSF.016 · first_building Monastery |
| 34:45 | KSF.016 · wall_segment Stone Wall x8 |
| 35:04 | MVP ? · first_market_sell 100 stone |
| 35:12 | PhOeNiX · age_up imperial |
| 35:29 | michaelarendash · age_up imperial |
| 36:25 | KSF.016 · first_building Castle |
| 36:42 | The_Punisher · age_up imperial |
| 36:53 | KSF.016 · age_up imperial |
| 37:13 | Tamy Chan · first_building Monastery |
| 38:53 | Tamy Chan · first_building Barracks |
| 39:42 | MVP ? · first_building Siege Workshop |
| 40:16 | CrikFu · first_building Barracks |
| 40:21 | l7i3g0 · age_up imperial |
| 41:04 | Tamy Chan · age_up imperial |
| 41:22 | CrikFu · first_building Stable |
| 41:53 | michaelarendash · wall_segment Stone Wall x16 |
| 42:42 | Tamy Chan · first_building Castle |
| 44:15 | CrikFu · age_up imperial |
| 47:29 | Tamy Chan · first_building Siege Workshop |
| 48:28 | The_Punisher · wall_segment Stone Wall x10 |
| 48:33 | The_Punisher · wall_segment Stone Wall x8 |
| 50:35 | PhOeNiX · wall_segment Stone Wall x5 |
| 50:58 | michaelarendash · first_building Archery Range |
| 51:32 | The_Punisher · wall_segment Stone Wall x7 |
| 52:13 | The_Punisher · wall_segment Stone Wall x5 |
| 52:15 | The_Punisher · wall_segment Stone Wall x1 |
| 52:40 | The_Punisher · wall_segment Stone Wall x1 |
| 53:05 | PhOeNiX · wall_segment Stone Wall x16 |
| 53:39 | Tamy Chan · resign |
| 53:40 | KSF.016 · first_market_buy 100 stone |
[ AI ANALYSIS · 1 CREDIT ]
What really happened in this match?
Wolo.gg analyzes every decision: build order, eco, micro, common mistakes by bracket. Personalized analysis on WhatsApp or Discord in 30 seconds.
Civ guide
Dravidians
Perfil
Jugador #5927744